 Dungeon Crawl Stone Soup version 0.21-a0-264-g3e31e41 (webtiles) character file.

310 HHGregg the Ruffian (level 6, -2/61 HPs)
             Began as a Troll Monk on Sept 9, 2017.
             Slain by Natasha (5 damage)
             ... on level 2 of the Dungeon.
             The game lasted 00:02:33 (1132 turns).

HHGregg the Ruffian (Troll Monk)                    Turns: 1132, Time: 00:02:34

Health: -2/61      AC:  6    Str: 20    XL:     6   Next: 18%
Magic:  5/5        EV: 10    Int:  6    God:
Gold:   86         SH:  0    Dex: 14    Spells: 5/5 levels left

rFire    . . .     SeeInvis .     - Unarmed
rCold    . . .     Gourm    +   (no shield)
rNeg     . . .     Faith    .   a - +0 robe
rPois    .         Spirit   .   (helmet restricted)
rElec    .         Reflect  .   j - +0 cloak
rCorr    .         Harm     .   (gloves unavailable)
MR       .....                  (boots unavailable)
Stlth    ++........             (no amulet)
HPRegen  0.60/turn              (no ring)
MPRegen  0.09/turn              (no ring)

@: no status effects
A: unfitting armour, claws 3, fast metabolism 3, gourmand, regeneration 1,
shaggy fur 1, tough skin 2
a: no special abilities


You were on level 2 of the Dungeon.
You were completely stuffed.

You visited 1 branch of the dungeon, and saw 2 of its levels.

You collected 86 gold pieces.

Inventory:

Armour
 a - a +0 robe (worn)
 j - a +0 cloak (worn)
Wands
 n - a wand of acid (5/15)
Scrolls
 c - 2 scrolls of teleportation {unknown}
 h - a scroll of amnesia {unknown}
 k - 3 scrolls of identify {unknown}
Potions
 e - a potion of heal wounds {unknown}
 g - a potion of flight {unknown}
 i - a potion of invisibility {unknown}
 m - a potion of agility {unknown}
 o - a potion of lignification {unknown}
Comestibles
 b - 2 bread rations
 d - 2 royal jellies
 f - 4 fruits
 l - 8 chunks of flesh


   Skills:
 + Level 3.6 Fighting
 - Level 2.4 Dodging
 - Level 1.0 Stealth
 - Level 6.2 Unarmed Combat


You had 5 spell levels left.
You didn't know any spells.

Dungeon Overview and Level Annotations

Branches:
Dungeon (2/15)

Altars:
Fedhas
Nemelex Xobeh
Zin

Annotations:
D:2 Natasha


Innate Abilities, Weirdness & Mutations

You are too large for most types of armour.
You have claws for hands.
Your metabolism is lightning-fast.
You like to eat raw meat.
Your natural rate of healing is unusually fast.
You are covered in fur. (AC +1)
You have very tough skin. (AC +2)


Message History

Natasha is heavily wounded.
The white imp gestures at you. The puff of frost hits you!
* * * LOW HITPOINT WARNING * * *
Natasha stares at you and mumbles some strange words.
You resist with some effort.
You closely miss Natasha.
Natasha is heavily wounded.
The white imp hits you.
* * * LOW HITPOINT WARNING * * *
The white imp freezes you.
* * * LOW HITPOINT WARNING * * *
Unknown command.
Unknown command.
You scratch Natasha.
Natasha is almost dead.
Natasha howls an incantation.
Natasha's front paws start to glow.
Natasha claws you.
You die...

....# #....##........ ....#
####### #....##..###### ....#
#.....#####.#######.... ....#
#...[##._.###._.###.##. ....#
#....#.....⌠.....#..##.
....#######..[.#..⌠.....⌠..#####.
#.##...........##.........# ##
#.##...........5###..gg.####
#.##..........5h@.###'####.#
#†##........####)###..##...#
#.##..[.....####)....####..#
#.##........#....÷†..# #..#
#.##........#........# ##.#
#..'........#........#####.#
...#.......##..)...........#
.<.##########.......######.#
...##########..............#


You could see Natasha, a crimson imp and a white imp.

Vanquished Creatures
  Sigmund (D:2)
  Natasha (D:2)
  7 gnolls (D:2)
  An ooze (D:1)
  2 worms (D:2)
  5 dart slugs
  A leopard gecko (D:2)
  4 bats
  A giant cockroach (D:2)
  3 goblins
  4 hobgoblins
  3 jackals (D:2)
  A quokka (D:2)
  A ball python (D:1)
  3 frilled lizards
  4 kobolds
  6 rats
48 creatures vanquished.

Notes
Turn   | Place    | Note
-------+----------+-------------------------------------------
     0 | D:1      | HHGregg the Troll Monk began the quest for the Orb.
     0 | D:1      | Reached XP level 1. HP: 22/22 MP: 0/0
   221 | D:1      | Reached XP level 2. HP: 29/29 MP: 1/1
   403 | D:1      | Reached skill level 4 in Unarmed Combat
   699 | D:2      | Found a blossoming altar of Fedhas.
   734 | D:2      | Reached XP level 3. HP: 36/36 MP: 2/2
   815 | D:2      | Noticed Sigmund
   831 | D:2      | Killed Sigmund
   831 | D:2      | Reached skill level 6 in Unarmed Combat
   831 | D:2      | Reached XP level 4. HP: 43/44 MP: 3/3
   831 | D:2      | Reached XP level 5. HP: 49/50 MP: 4/4
   933 | D:2      | Noticed Natasha
   942 | D:2      | Killed Natasha
   992 | D:2      | Reached XP level 6. HP: 33/61 MP: 5/5
  1100 | D:2      | Found a glowing silver altar of Zin.
  1101 | D:2      | Found a sparkling altar of Nemelex Xobeh.
  1117 | D:2      | Noticed Natasha
  1131 | D:2      | HP: 3/61 [white imp[Natasha] (4)]
  1132 | D:2      | Slain by Natasha

Vault maps used:
D:1:      lemuel_arrival_muddy, minmay_misc_feat_rugged
D:2:      lemuel_crystal_altar, fedhas_altar_2, gammafunk_temple_overflow_pools,
          uniq_sigmund, uniq_natasha

Skill      XL: |  1  2  3  4  5 |
---------------+----------------+-----
Unarmed Combat | 4 6 |  6.2
Fighting       | 3 |  3.6
Dodging        | |  2.4
Stealth        | |  1.0

Action                   |  1- 3 |  4- 6 || total
-------------------------+-------+-------++-------
Melee: Unarmed           |    52 |    71 ||   123
       Punch             |       |     3 ||     3
 Stab: Sleeping          |     6 |     1 ||     7
  Eat: Chunk             |    10 |     6 ||    16
Armor: Robe              |    18 |    26 ||    44
Dodge: Dodged            |    16 |    47 ||    63

Table legend:
 A = Spawn XP
 B = Non-spawn XP
 C = Spawn XP percentage of total XP
 D = Spawn monster count
 E = Non-spawn monster count
 F = Spawn count percentage of total count
 G = Total turns spent on level
                    A         B        C        D         E        F      G
               +---------+---------+-------+---------+---------+-------+---------
         Total |       0 |     444 |   0.0 |       0 |      48 |   0.0 |  1132
               +---------+---------+-------+---------+---------+-------+---------
           D:1 |       0 |      38 |   0.0 |       0 |      17 |   0.0 |   699
           D:2 |       0 |     406 |   0.0 |       0 |      31 |   0.0 |   433
               +---------+---------+-------+---------+---------+-------+---------
